 Dungeon Crawl Stone Soup version 0.20.1-1-g8b1a95d (webtiles) character file.

54462 Chaoticas the Black Sun (level 14, -2/111 HPs)
             Began as a Demonspawn Necromancer on July 30, 2017.
             Was a High Priest of Kikubaaqudgha.
             Killed from afar by a battlesphere (9 damage)
             ... created by a tengu reaver
             ... on level 12 of the Dungeon.
             The game lasted 02:27:43 (24894 turns).

Chaoticas the Black Sun (Demonspawn Necromancer)   Turns: 24894, Time: 02:27:43

Health: -2/111     AC: 18    Str: 12      XL:     14   Next: 34%
Magic:  20/26      EV: 21    Int: 16 (17) God:    Kikubaaqudgha [*****.]
Gold:   1414       SH:  0    Dex: 19      Spells: 3/30 levels left

rFire    . . .     SeeInvis +   S - +1 demon whip (venom)
rCold    . . .     Gourm    .   (no shield)
rNeg     + . .     Faith    .   T - +3 leather armour of Huaf {rN+ Regen+ Str+4}
rPois    +         Spirit   .   Z - +4 helmet "Yrelyzid" {+Fly rPois Int-5 Dex+5}
rElec    .         Reflect  .   A - +2 cloak
rCorr    .         Harm     .   w - +1 pair of gloves
MR       +....                  (no boots)
Stlth    ++++......             m - amulet of regeneration
Regen    1.1/turn               u - +3 ring of evasion
MPRegen  0.2/turn               z - ring of see invisible

@: lethally poisoned (-2 -> -3), corroded
A: talons 2, iridescent scales 2, blurry vision 1, nightstalker 2, spiny 1
a: Receive Corpses, Torment, Renounce Religion, Evoke Flight


You were on level 12 of the Dungeon.
You worshipped Kikubaaqudgha.
Kikubaaqudgha was extremely pleased with you.
You were not hungry.

You visited 3 branches of the dungeon, and saw 19 of its levels.
You also visited: Labyrinth.

You collected 1414 gold pieces.

Inventory:

Hand Weapons
 H - the +4 trident "Lunav" {elec, Int+5, unknown}
   (You found it on level 12 of the Dungeon)

   Occasionally, upon striking a foe, it will discharge some electrical energy
   and cause terrible harm.
   It affects your intelligence (+5).
 S - a +1 demon whip of venom (weapon)
   (You found it on level 10 of the Dungeon)
Missiles
 f - 3 exploding tomahawks
 I - 3 throwing nets {!f}
 L - 5 silver javelins (quivered)
Armour
 t - a +0 buckler
   (You found it on level 12 of the Dungeon)
 w - a +1 pair of gloves (worn)
   (You found it on level 3 of the Dungeon)
 A - a +2 cloak (worn)
   (You took it off Crazy Yiuf on level 5 of the Dungeon)
 N - +0 fire dragon scales
   (You found it on level 12 of the Dungeon)
 O - a +2 robe of magic resistance
   (You took it off Josephine on level 11 of the Dungeon)
 T - the +3 leather armour of Huaf (worn) {rN+ Regen+ Str+4}
   (You found it on level 9 of the Dungeon)

   It affects your strength (+4).
   It protects you from negative energy.
   It increases your rate of regeneration.
 Z - the +4 helmet "Yrelyzid" (worn) {+Fly rPois Int-5 Dex+5}
   (You found it in a labyrinth)

   It affects your intelligence (-5).
   It affects your dexterity (+5).
   It protects you from poison.
   It lets you fly.
Jewellery
 g - an uncursed ring of wizardry
   (You found it in a labyrinth)
 m - an amulet of regeneration (around neck)
   (You found it on level 3 of the Lair of Beasts)
 n - an uncursed amulet of guardian spirit
   (You found it on level 6 of the Dungeon)
 u - a +3 ring of evasion (left hand)
   (You found it on level 4 of the Dungeon)
 z - a ring of see invisible (right hand)
   (You found it in a labyrinth)
 M - an uncursed ring of stealth {unknown}
   (You found it on level 12 of the Dungeon)
 Y - an uncursed ring of resist corrosion
   (You took it off a minotaur in a labyrinth)
Wands
 c - a wand of disintegration (6/24)
   (You found it on level 3 of the Lair of Beasts)
 d - a wand of iceblast (13/15)
   (You took it off a gnoll on level 9 of the Dungeon)
 j - a wand of iceblast (7/15)
   (You found it on level 2 of the Lair of Beasts)
 l - a wand of enslavement (11/24)
   (You found it on level 3 of the Lair of Beasts)
 v - a wand of digging (18/24)
   (You found it on level 1 of the Lair of Beasts)
 x - a wand of acid (6/15)
   (You found it on level 6 of the Dungeon)
 y - a wand of confusion (12/48)
   (You found it on level 10 of the Dungeon)
 X - a wand of polymorph (16/24)
   (You found it on level 2 of the Lair of Beasts)
Scrolls
 b - 3 scrolls of fog
 e - 9 scrolls of remove curse {@r2}
 o - 4 scrolls of recharging
 p - 2 scrolls of magic mapping
 C - a scroll of summoning
 J - a scroll of fear
 P - a scroll of immolation {unknown}
 U - 4 scrolls of teleportation {@r4}
Potions
 a - 3 potions of brilliance
 h - 4 potions of might
 i - 6 potions of agility
 k - 2 potions of mutation {!q}
 s - 6 potions of curing {@q1}
 B - a potion of invisibility
 E - 3 potions of haste {@q3}
 K - 2 potions of heal wounds {@q2}
 V - a potion of flight
Books
 F - Kikubaaqudgha's Almanac of Stolen Souls
   (Kikubaaqudgha gifted it to you on level 4 of the Lair of Beasts)

   Spells                             Type                      Level
   a - Animate Dead                   Necromancy                   4
   b - Excruciating Wounds            Charms/Necromancy            5
   c - Dispel Undead                  Necromancy                   5
   d - Simulacrum                     Ice/Necromancy               6
   e - Death Channel                  Necromancy                   6
Comestibles
 q - 20 bread rations
 r - a meat ration
 D - 8 chunks of flesh
 G - 18 royal jellies


   Skills:
 - Level 10.5 Fighting
 * Level 12.0 Maces & Flails
 - Level 8.2 Armour
 - Level 8.6 Dodging
 - Level 1.7 Stealth
 + Level 8.9 Spellcasting
 - Level 12.0 Necromancy
 + Level 4.3 Evocations


You had 3 spell levels left.
You knew the following spells:

 Your Spells              Type           Power        Failure   Level  Hunger
a - Pain                  Necr           ####         1%          1    None
b - Animate Dead          Necr           N/A          1%          4    ###....
c - Control Undead        Necr           #####.....   1%          4    ###....
d - Summon Butterflies    Summ           #.......     13%         1    None
e - Regeneration          Chrm/Necr      ####......   3%          3    #......
f - Dispel Undead         Necr           #####...     2%          5    #####..
g - Death Channel         Necr           #####.....   14%         6    ######.
q - Vampiric Draining     Necr           #####.....   1%          3    #......


Dungeon Overview and Level Annotations

Branches:
Dungeon (12/15)            Temple (1/1) D:7            Lair (6/6) D:10
 Shoals (0/4) Lair:2        Snake (0/4) Lair:4        Slime (0/5) Lair:5
    Orc: D:9-12

Altars:
Ashenzari
Cheibriados
Dithmenos
Fedhas
Gozag
Hepliaklqana
Kikubaaqudgha
Makhleb
Qazlal
Ru
Trog
Vehumet
Xom
Yredelemnul
Zin
Jiyva

Shops:
D:5 *   D:6 !

Annotations:
D:3 corrust's ghost, amateur KoHu
D:5 Sigmund; rhinious's ghost, novice GrEE
D:9 iamoutofideas's ghost, novice HOFi
D:11 4 runed doors, exclusion: downstairs
Lair:2 exclusion: 3 oklob plants


Innate Abilities, Weirdness & Mutations

You have razor-sharp toenails.
You are mostly covered in iridescent scales. (AC +4)
You are significantly more attuned to the shadows.
You are partially covered in sharp spines.
Scrolls take you a little longer to read.


Message History

The tengu reaver pecks your ugly thing zombie!
The tengu reaver claws your ugly thing zombie.
Your ugly thing zombie hits the tengu reaver!
The tengu reaver casts a spell at your ugly thing zombie.
The bolt of acid hits your ugly thing zombie.
Your ugly thing zombie is splashed with acid.
The acid corrodes your ugly thing zombie!
Your ugly thing zombie is destroyed!
A barrage of energy appears from out of your range of vision.
Okay, then.
Kikubaaqudgha delivers you a corpse!
You feel quite a bit more hungry.
You call on the dead to rise...
The dead are flying!
The acid dragon spits acid at you. The splash of acid misses you.
What are your orders? t - Shout!
Orders for allies: a - Attack new target. p - Attack previous target. r - Retreat! s - Stop attacking. g - Guard the area. f - Follow me.
Anything else - Cancel.
Guard this area!
The hornet is struck by your spines. The hornet misses you.
Your fire dragon zombie bites the hornet!
Your fire dragon zombie completely misses the hornet.
Your fire dragon zombie tramples the hornet.
You miss the hornet. You claw the hornet.
You kill the hornet!
Kikubaaqudgha accepts your kill.
The tengu reaver points at you and mumbles some strange words.
The bolt of poison hits you!
You are poisoned.
You resist.
The battlesphere fires!
The barrage of energy hits you!
You feel sick.
Your fire dragon zombie barely misses the battlesphere.
Your fire dragon zombie claws the battlesphere.
Your fire dragon zombie tramples the battlesphere.
The acid dragon spits acid at you. The splash of acid hits you!
You are splashed with acid!
The acid burns!
Things that are here:
a mace of crushing; a shortbow; a leather armour You feel sick.
You whack the battlesphere! You claw the battlesphere.
You feel sick.
The tengu reaver points at you and mumbles some strange words.
The bolt of acid hits you!
* * * LOW HITPOINT WARNING * * *
The acid corrodes you!
You are splashed with acid!
The acid burns!
* * * LOW HITPOINT WARNING * * *
The battlesphere fires!
The barrage of energy hits you!
You die...
Kikubaaqudgha rasps: "You have failed me!
Welcome... death!"

#.Z.# #.#........# #.......
#...# #.#........# #..)....
##Z## #.#......### #.......
#.# #.#..##########.......
#.####.#...................
#.........#(.########......
############.<.Z..# #######
#..#####.# ####@.# #.#
#.Z.### #.# #..(# #.#
#####Q*.# #.. #...D#### ###
#....# #....# ######....#
#...D.#####


You could see a tengu reaver, an acid dragon, a battlesphere and a friendly fire
dragon zombie.

Vanquished Creatures
  Rupert (Lair:5)
  Frances (D:12)
  3 dire elephants (Lair:6)
  Josephine (D:11)
  A fire dragon (D:12)
  Fannar (D:12)
  An ice dragon (Lair:2)
  4 two-headed ogres
  2 unseen horrors
  An ugly thing (D:12)
  3 cyclopes
  A manticore (D:12)
  13 elephants
  Maurice (D:10)
  A centaur zombie (D:10)
  A merfolk siren (Lair:2)
  4 black mambas
  2 torpor snails
  7 spiny frogs
  5 komodo dragons
  A rime drake (Lair:4)
  A queen bee (Lair:3)
  4 trolls (D:12)
  A merfolk (Lair:2)
  2 polar bears (Lair:3)
  9 blink frogs
  A hornet (D:12)
  16 dream sheep
  5 hippogriffs
  2 redbacks (Lab)
  2 vampires
  A fire elemental (D:12)
  6 wraiths
  18 yaks
  4 wyverns
  5 basilisks
  2 steam dragons
  2 wargs (D:10)
  An acid dragon (D:12)
  6 porcupines
  12 water moccasins
  3 orc warriors
  2 sky beasts
  A black bear (D:9)
  A necrophage (D:11)
  8 ice beasts
  An eye of draining (D:10)
  7 ogres
  10 centaurs
  7 crocodiles
  4 big kobolds
  11 bullfrogs
  5 scorpions
  31 killer bees
  3 wights
  An electric eel (Lair:2)
  A lava snake (D:12)
  5 howler monkeys
  6 crimson imps
  5 hounds
  3 jellies
  10 orc wizards
  7 orc priests
  Crazy Yiuf (D:5)
  2 centaur skeletons
  3 bullfrog skeletons
  3 hell rats (Lair:4)
  Natasha (thrice) (D:3 D:4)
  2 iguanas
  14 worker ants
  A howler monkey zombie (D:10)
  Robin (D:3)
  4 gnolls
  10 adders
  5 river rats (Lair:4)
  3 shadow imps
  4 adder skeletons
  6 worms
  4 dart slugs
  6 leopard geckos
  41 orcs
  3 ball pythons (D:1)
  7 bats
  7 giant cockroaches
  16 goblins
  8 hobgoblins
  11 jackals
  A quokka (D:4)
  8 frilled lizards
  A goblin zombie (D:6)
  26 kobolds
  A leopard gecko zombie (D:6)
  A quokka zombie (D:6)
  8 rats
  A fungus (Lair:5)
  4 plants (Lair:6)
503 creatures vanquished.

Vanquished Creatures (collateral kills)
  2 dire elephants (Lair:6)
  A minotaur (Lab)
  Snorg (D:11)
  The ghost of iamoutofideas the Cleaver, a journeyman HOFi of Beogh (Lair:1)
  5 hydras
  An anaconda (Lair:6)
  A black mamba (Lair:4)
  6 spiny frogs
  A freezing wraith (D:12)
  A komodo dragon (Lair:1)
  A polar bear (Lair:4)
  2 trolls
  4 hippogriffs
  5 blink frogs
  7 yaks
  A wyvern (D:8)
  A hungry ghost (D:11)
  6 water moccasins
  An ice beast (D:9)
  A crocodile (Lair:3)
  A bullfrog (Lair:4)
  5 wights
  A bullfrog zombie (D:9)
  A hell rat (Lair:4)
  2 worker ants (D:9)
  2 adders (Lair:4)
  3 gnolls (D:9)
  An orc (D:12)
  2 fungi
  5 plants
72 creatures vanquished.

Vanquished Creatures (others)
  A hound (D:5)
  An iguana (D:5)
  An adder (D:5)
  A leopard gecko (D:5)
  An orc (D:4)
  A frilled lizard (D:5)
  13 fungi
  6 plants
  13 toadstools (D:4)
38 creatures vanquished.

Grand Total: 613 creatures vanquished

Notes
Turn   | Place    | Note
-------+----------+-------------------------------------------
     0 | D:1      | Chaoticas the Demonspawn Necromancer began the quest for the Orb.
     0 | D:1      | Reached XP level 1. HP: 13/13 MP: 3/3
   271 | D:1      | Gained mutation: You are partially covered in iridescent scales. (AC +2) [demonic ancestry]
   271 | D:1      | Reached XP level 2. HP: 10/19 MP: 1/5
   736 | D:1      | Reached skill level 5 in Necromancy
   960 | D:1      | Gained mutation: You are partially covered in sharp spines. [demonic ancestry]
   960 | D:1      | Reached XP level 3. HP: 22/24 MP: 2/6
  1556 | D:2      | Learned a level 3 spell: Vampiric Draining
  1560 | D:2      | Learned a level 3 spell: Regeneration
  1883 | D:2      | Reached XP level 4. HP: 30/30 MP: 6/8
  2317 | D:3      | Noticed corrust's ghost (amateur KoHu)
  2798 | D:3      | Noticed Robin
  2825 | D:3      | Killed Robin
  2825 | D:3      | Reached XP level 5. HP: 27/35 MP: 1/9
  3570 | D:3      | You fall through a shaft!
  3723 | D:4      | Noticed Natasha
  3737 | D:3      | Killed Natasha
  3918 | D:3      | Reached XP level 6. HP: 13/41 MP: 0/11
  4357 | D:3      | Learned a level 4 spell: Animate Dead
  4784 | D:4      | Noticed Natasha
  4789 | D:4      | Killed Natasha
  4872 | D:4      | Noticed Natasha
  4875 | D:4      | Killed Natasha
  5165 | D:4      | Reached XP level 7. HP: 45/46 MP: 10/13
  5338 | D:4      | Found a blossoming altar of Fedhas.
  5516 | D:5      | Entered Level 5 of the Dungeon
  5638 | D:5      | Noticed Sigmund
  5795 | D:5      | Found a shimmering altar of Xom.
  6210 | D:5      | Found Unwyorr's Assorted Antiques.
  6373 | D:5      | Found a runed door.
  6391 | D:5      | Noticed Crazy Yiuf
  6396 | D:5      | Killed Crazy Yiuf
  6437 | D:5      | Noticed rhinious's ghost (novice GrEE)
  6842 | D:6      | Reached skill level 5 in Spellcasting
  7011 | D:6      | Gained mutation: You are mostly covered in iridescent scales. (AC +4) [demonic ancestry]
  7011 | D:6      | Reached XP level 8. HP: 21/52 MP: 15/15
  7403 | D:6      | Found Plog's Distillery.
  7845 | D:6      | Learned a level 4 spell: Control Undead
  8130 | D:7      | Reached skill level 10 in Necromancy
  8741 | D:7      | Found a staircase to the Ecumenical Temple.
  8763 | Temple   | Entered the Ecumenical Temple
  8766 | Temple   | Became a worshipper of Kikubaaqudgha
  9381 | D:8      | Reached XP level 9. HP: 40/57 MP: 16/18
  9480 | D:8      | Noticed a two-headed ogre
  9871 | D:8      | Noticed a two-headed ogre
  9986 | D:9      | Reached skill level 1 in Fighting
 10121 | D:9      | Reached * piety under Kikubaaqudgha
 10121 | D:9      | Identified Kikubaaqudgha's Compendium of Dark Rituals (Kikubaaqudgha gifted it to you on level 9 of the Dungeon)
 10121 | D:9      | Received a gift from Kikubaaqudgha
 10620 | D:9      | Reached skill level 5 in Fighting
 10636 | D:9      | Noticed iamoutofideas's ghost (novice HOFi)
 11073 | D:9      | Gained mutation: You are slightly more attuned to the shadows. [demonic ancestry]
 11073 | D:9      | Reached XP level 10. HP: 74/74 MP: 21/21
 11475 | D:9      | Reached skill level 1 in Armour
 11533 | D:9      | Reached ** piety under Kikubaaqudgha
 11669 | D:9      | Got a diamond-studded leather armour
 11673 | D:9      | Identified the +3 leather armour of Huaf {rN+ Regen+ Str+4} (You found it on level 9 of the Dungeon)
 11721 | D:10     | Entered Level 10 of the Dungeon
 11785 | D:10     | Noticed Maurice
 12293 | D:10     | Found a staircase to the Lair.
 12603 | D:10     | Reached skill level 1 in Maces & Flails
 12729 | D:10     | Killed an unseen horror
 13152 | Lair:1   | Entered Level 1 of the Lair of Beasts
 13250 | Lair:1   | Noticed a black mamba
 13261 | Lair:1   | Killed a black mamba
 13304 | Lair:1   | Noticed iamoutofideas's ghost (journeyman HOFi)
 13471 | Lair:1   | Killed iamoutofideas's ghost
 13501 | Lair:1   | Noticed a spiny frog
 13510 | Lair:1   | Killed a spiny frog
 13694 | Lair:1   | Noticed a black mamba
 13694 | Lair:1   | Noticed a six-headed hydra
 13707 | Lair:1   | Gained mutation: You have sharp toenails. [demonic ancestry]
 13707 | Lair:1   | Reached XP level 11. HP: 84/84 MP: 18/22
 14551 | Lair:1   | Reached skill level 5 in Dodging
 14653 | Lair:1   | You fall through a shaft!
 14653 | Lair:2   | Noticed an ice dragon
 14669 | Lair:2   | Killed an ice dragon
 14966 | Lair:2   | Reached skill level 5 in Maces & Flails
 15017 | Lair:2   | Noticed a six-headed hydra
 15030 | Lair:2   | Killed a six-headed hydra
 15030 | Lair:2   | Reached skill level 5 in Armour
 15112 | Lair:2   | Noticed an oklob plant
 15112 | Lair:2   | Noticed an oklob plant
 15112 | Lair:2   | Noticed an oklob plant
 15481 | Lair:3   | Got a distressingly furry chain mail
 15487 | Lair:3   | Identified the +3 chain mail of Mirth {rN+ MR- rCorr Int+5} (You found it on level 3 of the Lair of Beasts)
 15540 | Lair:3   | Found a labyrinth entrance.
 15558 | Lab      | Entered a labyrinth
 16054 | Lab      | Noticed a minotaur
 16076 | Lab      | Killed a minotaur
 16117 | Lab      | Got a heavily runed helmet
 16119 | Lab      | Identified the Grimoire of the Mountains
 16122 | Lab      | Identified the +4 helmet "Yrelyzid" {+Fly rPois Int-5 Dex+5} (You found it in a labyrinth)
 16159 | Lab      | Identified Qyoplix's Tome of Translocation
 16326 | Lair:1   | Learned a level 1 spell: Summon Butterflies
 16487 | Lair:3   | Noticed a five-headed hydra
 16511 | Lair:3   | Killed a five-headed hydra
 17210 | Lair:4   | Gained mutation: You have razor-sharp toenails. [demonic ancestry]
 17210 | Lair:4   | Reached XP level 12. HP: 94/94 MP: 23/23
 17483 | Lair:4   | Noticed a seven-headed hydra
 17504 | Lair:4   | Killed a seven-headed hydra
 17700 | Lair:4   | Found a staircase to the Snake Pit.
 17904 | Lair:4   | Reached *** piety under Kikubaaqudgha
 17904 | Lair:4   | Identified Kikubaaqudgha's Almanac of Stolen Souls (Kikubaaqudgha gifted it to you on level 4 of the Lair of Beasts)
 17904 | Lair:4   | Received a gift from Kikubaaqudgha
 17915 | Lair:4   | Learned a level 5 spell: Dispel Undead
 18485 | Lair:5   | Found a bloodstained altar of Trog.
 18596 | Lair:5   | Found a viscous altar of Jiyva.
 18596 | Lair:5   | Found a staircase to the Slime Pits.
 18669 | Lair:5   | Noticed Rupert
 18699 | Lair:5   | Killed Rupert
 18965 | Lair:6   | Entered Level 6 of the Lair of Beasts
 19354 | Lair:6   | Reached XP level 13. HP: 98/103 MP: 24/24
 19516 | Lair:6   | Reached **** piety under Kikubaaqudgha
 19571 | Lair:6   | Reached skill level 10 in Fighting
 19749 | Lair:6   | Noticed a dire elephant
 19749 | Lair:6   | Noticed a dire elephant
 19766 | Lair:6   | Killed a dire elephant
 19773 | Lair:6   | Killed a dire elephant
 19851 | Lair:6   | Noticed a dire elephant
 19869 | Lair:6   | Killed a dire elephant
 20029 | Lair:6   | Noticed a dire elephant
 20052 | Lair:6   | Killed a dire elephant
 20144 | Lair:6   | Reached skill level 10 in Maces & Flails
 20405 | Lair:6   | Noticed a dire elephant
 20426 | Lair:6   | Killed a dire elephant
 21736 | Lair:2   | Found a staircase to the Shoals.
 21915 | D:10     | Reached skill level 1 in Evocations
 21932 | D:10     | Killed Maurice
 21976 | D:11     | Noticed Josephine
 21994 | D:11     | Killed Josephine
 22331 | D:11     | Reached ***** piety under Kikubaaqudgha
 22494 | D:11     | Found a shadowy altar of Dithmenos.
 22637 | D:11     | Noticed Snorg
 22649 | D:11     | Killed Snorg
 22756 | D:11     | Found a huge runed gate.
 22756 | D:11     | Found a huge runed gate.
 22756 | D:11     | Found a huge runed gate.
 22757 | D:11     | Found a huge runed gate.
 22787 | D:11     | Identified the Collected Works on Aerial Benedictions
 23137 | D:11     | Gained mutation: You are significantly more attuned to the shadows. [demonic ancestry]
 23137 | D:11     | Reached XP level 14. HP: 111/111 MP: 22/26
 23812 | D:12     | Noticed Fannar
 23850 | D:12     | Killed Fannar
 23895 | D:12     | Noticed Frances
 23926 | D:12     | Gained mutation: Scrolls take you a little longer to read. [a neqoxec]
 23928 | D:12     | Killed Frances
 24326 | Lair:1   | Learned a level 6 spell: Death Channel
 24473 | D:12     | Got a bloodstained trident
 24865 | D:12     | Noticed a tengu reaver
 24894 | D:12     | Killed from afar by a battlesphere

Skill      XL: |  1  2  3  4  5  6  7  8  9 10 11 12 13 14 |
---------------+-------------------------------------------+-----
Necromancy     | 5 6 7 8 9 11 12 | 12.0
Spellcasting   | 3 4 5 6 7 8 |  8.9
Fighting       | 5 7 8 9 10 | 10.5
Dodging        | 4 6 7 8 |  8.6
Armour         | 4 5 7 8 |  8.2
Maces & Flails | 3 6 9 11 12 | 12.0
Evocations     | 2 4 |  4.3
Stealth        | |  1.7

Action                   |  1- 3 |  4- 6 |  7- 9 | 10-12 | 13-15 || total
-------------------------+-------+-------+-------+-------+-------++-------
Melee: Short sword       |    63 |    55 |    32 |       |       ||   150
       Quarterstaff      |       |       |   160 |    37 |       ||   197
       Demon whip        |       |       |       |   520 |   669 ||  1189
       Kick              |       |       |       |   155 |   249 ||   404
Throw: Tomahawk          |       |       |       |     1 |       ||     1
 Cast: Pain              |    45 |   132 |    95 |    43 |    12 ||   327
       Animate Dead      |       |     1 |     8 |    73 |    35 ||   117
       Regeneration      |       |       |     2 |     6 |     2 ||    10
       Vampiric Draining |       |       |     1 |       |       ||     1
       Control Undead    |       |       |       |     2 |       ||     2
       Summon Butterflie |       |       |       |     1 |       ||     1
       Dispel Undead     |       |       |       |       |     9 ||     9
Invok: Receive Corpses   |       |       |       |    16 |     9 ||    25
 Abil: Evoke Flight      |       |       |       |       |     1 ||     1
Evoke: Wand              |       |       |       |     2 |       ||     2
  Use: Scroll            |       |       |    11 |    22 |    10 ||    43
       Potion            |       |       |       |     2 |     3 ||     5
 Stab: Sleeping          |     3 |     1 |     1 |    11 |    13 ||    29
       Confused          |       |       |     1 |       |       ||     1
       Paralysed         |       |       |       |     3 |       ||     3
       Invisible         |       |       |       |     3 |       ||     3
       Distracted        |       |       |       |     3 |     2 ||     5
  Eat: Chunk             |     3 |     8 |     9 |     2 |     8 ||    30
       Fruit             |       |     2 |     1 |     6 |       ||     9
       Meat ration       |       |       |     2 |     7 |     4 ||    13
Armor: Robe              |     2 |     7 |    47 |       |       ||    56
       Leather armour    |    14 |    19 |       |   162 |   179 ||   374
       Steam dragon scal |       |       |    28 |    28 |       ||    56
Dodge: Dodged            |    44 |    53 |   161 |   492 |   500 ||  1250
